 Dungeon Crawl Stone Soup version 0.17.0-56-gd8de76c (webtiles) character file.

32 dorian the Conjurer (level 3, 0/21 HPs)
             Began as an Octopode Conjurer on Dec 4, 2015.
             Slain by a worm (11 damage)
             ... on level 2 of the Dungeon.
             The game lasted 00:02:43 (1400 turns).

dorian the Conjurer (Octopode Conjurer)             Turns: 1400, Time: 00:02:43

Health: 0/21       AC:  1    Str:  7    XL:     3   Next: 27%
Magic:  0/6        EV: 12    Int: 18    God:
Gold:   53         SH:  0    Dex: 12    Spells: 1 memorised, 6 levels left

rFire  . . .     SeeInvis .     i - -1 dagger (curse)
rCold  . . .     Clarity  .     (no shield)
rNeg   . . .     SustAt   .     (helmet restricted)
rPois  .         Gourm    .     n - amulet of regeneration
rElec  .         Spirit   .     (no ring)
rCorr  .         Warding  .     (no ring)
rMut   .         Stasis   .     (no ring)
MR     .....                    (no ring)
Stlth  +++.......               (no ring)
                                (no ring)
                                (no ring)
                                (no ring)

@: not resistant to hostile enchantments, fairly stealthy
A: almost no armour, amphibious, 8 rings, constrict 8, camouflage 1, gelatinous
body 1
a: no special abilities


You were on level 2 of the Dungeon.
You were hungry.

You visited 1 branch of the dungeon, and saw 2 of its levels.

You collected 53 gold pieces.

Inventory:

Hand Weapons
 i - a cursed -1 dagger (weapon)
Jewellery
 j - an uncursed amulet of faith
 n - an amulet of regeneration (around mantle)
 o - an uncursed amulet of resist mutation
Scrolls
 d - a scroll of identify {unknown}
 e - a scroll of magic mapping {unknown}
 g - a scroll of teleportation {unknown}
 l - a scroll of remove curse {unknown}
Potions
 c - 3 potions of might {unknown}
 f - a potion of cancellation {unknown}
 m - a potion of resistance {unknown}
Books
 a - a book of Conjurations

   Spells                             Type                      Level
   a - Magic Dart                     Conjuration                  1
   b - Searing Ray                    Conjuration                  2
   c - Dazzling Spray                 Conjuration/Hexes            3
   d - Fulminant Prism                Conjuration/Hexes            4
   e - Iskenderun's Mystic Blast      Conjuration                  4
   f - Iskenderun's Battlesphere      Conjuration/Charms           5
Comestibles
 b - 3 bread rations
 h - 7 fruits
 k - a meat ration


   Skills:
 - Level 2.0 Dodging
 - Level 2.6 Stealth
 + Level 2.6 Spellcasting
 * Level 4.6 Conjurations


You had 6 spell levels left.
You knew the following spells:

 Your Spells              Type           Power        Failure   Level  Hunger
a - Magic Dart            Conj           ###.         2%          1    #......


Dungeon Overview and Level Annotations

Branches:
Dungeon (2/15)

Altars:


Innate Abilities, Weirdness & Mutations

You cannot wear most types of armour.
You are amphibious.
You can wear up to eight rings at the same time.
You can use your tentacles to constrict eight enemies at once.
Your skin changes colour to match your surroundings (Stealth).
Your rubbery body absorbs attacks (AC +1).


Message History

Aim: a worm (moderately wounded)
The magic dart hits the worm.
The worm is moderately wounded.
Casting: Magic Dart
Confirm with . or Enter, or press ? or * to list all spells.
Aiming: Magic Dart
Press: ? - help, Shift-Dir - straight line, f/p - worm
Aim: a worm (moderately wounded)
The magic dart hits the worm.
The worm is heavily wounded.
You barely miss the worm. You grab the worm. You squeeze the worm.
The worm is severely wounded.
You constrict the worm. The worm bites you!
Ouch! That really hurt!
You hit the worm.
The worm is almost dead.
You constrict the worm, but do no damage.
The worm bites you!
Ouch! That really hurt!
You die...

..########.....)#
...............## #..#
.......###[.....## ##...#
.#####.####...##.###?#..# ## .##
#............#..#..# #..
..####.............#.#..#### #..#
..<..........#######.#.##..##..##
..####.####..#######.#.#........#
.## #.# #.....@w.............?.
.# #.# #.########.##.......... .#
#.# #.# #.###........# .# ###.#
#.# ... #....>...# .# #...# #.#
#..##.......... .# #.### ###
#..#........... .# #.#
#....#........# .###.#
#.#####..##..## .##..# # .### #.#


You could see a worm.

Vanquished Creatures
  An ooze (D:1)
  A worm (D:2)
  A giant gecko (D:1)
  4 bats
  5 goblins
  2 hobgoblins (D:1)
  3 kobolds (D:1)
  A quokka (D:1)
  7 rats
25 creatures vanquished.

Notes
Turn   | Place    | Note
--------------------------------------------------------------
     0 | D:1      | dorian the Octopode Conjurer began the quest for the Orb.
     0 | D:1      | Reached XP level 1. HP: 11/11 MP: 3/3
   321 | D:1      | Reached XP level 2. HP: 17/17 MP: 3/5
   902 | D:1      | Reached XP level 3. HP: 12/21 MP: 0/6
  1400 | D:2      | Slain by a worm

Action                   || total
-------------------------++-------
Melee: Unarmed           ||    25
       Dagger            ||     7
 Cast: Magic Dart        ||    40
 Stab: Sleeping          ||     2
  Eat: Chunk             ||     1
